[ AOE2 MATCH · #483387269 ]
Team RMMongols vs Bengalis
[ REPLAY ANALYSIS · EXTRACTED FROM THE RECORDED GAME ]
Feudal
11:34
Castle
25:52
Imperial
—
| APM avg | 14.0 |
| APM peak | 37 |
| eAPM avg | 8.8 |
| Villagers / military | 43 / 14 |
Focus
⚔️ 23.0% · 🌾 77.0%
Steppe Lancer ×6 · Spearman ×5 · Knight ×2 · Militia ×1
Feudal
12:17
Castle
25:41
Imperial
—
| APM avg | 17.5 |
| APM peak | 45 |
| eAPM avg | 9.8 |
| Villagers / military | 86 / 64 |
Focus
⚔️ 28.1% · 🌾 71.9%
Militia ×60 · Trade Cart ×5 · Monk ×4
Feudal
18:07
Castle
22:32
Imperial
34:34
| APM avg | 26.3 |
| APM peak | 70 |
| eAPM avg | 16.8 |
| Villagers / military | 141 / 148 |
Focus
⚔️ 10.3% · 🌾 89.7%
Scout Cavalry ×148
Feudal
11:19
Castle
—
Imperial
—
| APM avg | 25.5 |
| APM peak | 76 |
| eAPM avg | 9.5 |
| Villagers / military | 50 / 26 |
Focus
⚔️ 21.0% · 🌾 79.0%
Archer ×9 · Scout Cavalry ×8 · Battering Ram ×5 · Spearman ×4
Feudal
10:46
Castle
22:55
Imperial
32:57
| APM avg | 17.6 |
| APM peak | 79 |
| eAPM avg | 7.2 |
| Villagers / military | 67 / 35 |
Focus
⚔️ 19.5% · 🌾 80.5%
Longbowman ×32 · Mangonel ×2 · Monk ×1
Feudal
—
Castle
—
Imperial
—
| APM avg | 1.3 |
| APM peak | 28 |
| eAPM avg | 0.7 |
| Villagers / military | 11 / 0 |
Focus
⚔️ 0.0% · 🌾 100.0%
Feudal
15:23
Castle
26:52
Imperial
—
| APM avg | 19.8 |
| APM peak | 38 |
| eAPM avg | 11.8 |
| Villagers / military | 62 / 47 |
Focus
⚔️ 33.2% · 🌾 66.8%
Militia ×35 · Archer ×7 · Battering Ram ×2 · Monk ×1 · Petard ×1 · Janissary ×1
Feudal
13:05
Castle
29:57
Imperial
—
| APM avg | 10.1 |
| APM peak | 24 |
| eAPM avg | 7.6 |
| Villagers / military | 43 / 5 |
Focus
⚔️ 27.9% · 🌾 72.1%
Spearman ×5
Match map
Resources at game start + every placement click. Thick line = wall · dashed box = detected house wall. 🟡 gold · ⚪ stone · 🟢 berries · 🔶 boar · ⭕ relic
Inputs per minute
— Shirasoni - - MRYFZHU
Build order — Shirasoni
119 actions detected in the replay
| 0:05 | Build | House |
| 0:06 | Build | House |
| 0:08 | Create | Villager (Male) |
| 0:12 | Create | Villager (Male) |
| 0:19 | Create | Villager (Male) |
| 0:33 | Create | Villager (Male) |
| 1:56 | Create | Villager (Male) |
| 2:33 | Build | Lumber Camp |
| 2:37 | Create | Villager (Male) |
| 3:09 | Create | Villager (Male) |
| 3:12 | Create | Villager (Male) |
| 3:48 | Create | Villager (Male) |
| 4:11 | Create | Villager (Male) |
| 4:17 | Build | House |
| 4:22 | Build | House |
| 4:41 | Create | Villager (Male) |
| 5:13 | Build | Mill |
| 5:16 | Create | Villager (Male) |
| 5:30 | Create | Villager (Male) |
| 6:06 | Create | Villager (Male) |
| 6:43 | Create | Villager (Male) |
| 6:54 | Create | Villager (Male) |
| 7:36 | Build | Mining Camp |
| 7:42 | Create | Villager (Male) |
| 8:06 | Create | Villager (Male) |
| 8:12 | Research | Loom |
| 8:22 | Create | Villager (Male) |
| 9:05 | Create | Villager (Male) |
| 9:18 | Build | House |
| 9:24 | Research | Feudal Age |
| 9:54 | Build | Mill |
| 10:17 | Build | Mill |
| 10:23 | Build | House |
| 10:28 | Build | House |
| 11:00 | Create | Villager (Male) |
| 11:07 | Build | Barracks |
| 11:34 | Age | Feudal Age |
| 11:40 | Research | Horse Collar |
| 11:42 | Research | Double-Bit Axe |
| 12:10 | Create | Villager (Male) |
| 12:20 | Build | Farm |
| 12:22 | Build | Farm |
| 12:40 | Build | Farm |
| 12:41 | Build | Farm |
| 13:28 | Create | Villager (Male) |
| 13:40 | Build | Stable |
| 13:53 | Create | Villager (Male) |
| 14:10 | Create | Villager (Male) |
| 14:30 | Build | Stable |
| 14:44 | Create | Villager (Male) |
| 14:48 | Build | Farm |
| 14:50 | Create | Villager (Male) |
| 15:10 | Create | Villager (Male) |
| 15:28 | Build | Building 796 |
| 15:43 | Build | Building 490 |
| 15:46 | Create | Villager (Male) |
| 16:00 | Build | Blacksmith |
| 16:12 | Build | Farm |
| 16:22 | Create | Villager (Male) |
| 16:26 | Build | Farm |
| 16:36 | Build | House |
| 16:57 | Create | Militia |
| 17:00 | Create | Spearman |
| 17:00 | Create | Spearman |
| 17:34 | Create | Spearman |
| 17:53 | Create | Spearman |
| 18:07 | Build | Building 665 |
| 18:22 | Create | Spearman |
| 18:25 | Build | Farm |
| 18:35 | Build | House |
| 18:45 | Build | Building 490 |
| 19:00 | Build | Farm |
| 19:44 | Build | Farm |
| 21:02 | Build | Market |
| 21:59 | Create | Villager (Male) |
| 23:01 | Create | Villager (Male) |
| 23:09 | Research | Castle Age |
| 23:29 | Build | Watch Tower |
| 24:03 | Build | Building 490 |
| 24:12 | Build | Archery Range |
| 24:26 | Build | House |
| 24:30 | Create | Villager (Male) |
| 25:32 | Build | Mining Camp |
| 25:52 | Age | Castle Age |
| 26:42 | Build | Farm |
| 26:53 | Create | Villager (Male) |
| 26:54 | Create | Villager (Male) |
| 27:29 | Build | Mining Camp |
| 27:52 | Research | Bow Saw |
| 28:14 | Create | Villager (Male) |
| 28:18 | Research | Stone Mining |
| 28:41 | Research | Gold Mining |
| 28:51 | Create | Steppe Lancer |
| 28:51 | Create | Steppe Lancer |
| 28:59 | Create | Steppe Lancer |
| 29:00 | Create | Steppe Lancer |
| 29:05 | Create | Steppe Lancer |
| 29:05 | Create | Steppe Lancer |
| 29:23 | Create | Villager (Male) |
| 29:43 | Research | Heavy Plow |
| 29:46 | Create | Villager (Male) |
| 30:20 | Research | Wheelbarrow |
| 30:22 | Create | Villager (Male) |
| 30:31 | Research | Bloodlines |
| 30:35 | Create | Villager (Male) |
| 31:07 | Create | Knight |
| 31:07 | Create | Knight |
| 31:14 | Build | House |
| 31:16 | Build | House |
| 31:19 | Build | House |
| 32:27 | Create | Villager (Male) |
| 32:47 | Create | Villager (Male) |
| 33:17 | Build | Castle |
| 33:25 | Create | Villager (Male) |
| 33:31 | Build | House |
| 33:32 | Build | House |
| 33:34 | Build | House |
| 34:16 | Build | Farm |
| 34:17 | Build | Farm |
Build order — MRYFZHU
First 150 of 254 actions detected
| 0:06 | Create | Villager (Male) |
| 0:07 | Create | Villager (Male) |
| 0:39 | Build | House |
| 1:31 | Build | House |
| 1:41 | Create | Villager (Male) |
| 1:42 | Create | Villager (Male) |
| 2:28 | Create | Villager (Male) |
| 2:50 | Create | Villager (Male) |
| 3:09 | Build | House |
| 3:27 | Create | Villager (Male) |
| 3:48 | Build | Mill |
| 4:17 | Create | Villager (Male) |
| 4:18 | Create | Villager (Male) |
| 5:06 | Create | Villager (Male) |
| 5:06 | Create | Villager (Male) |
| 5:45 | Create | Villager (Male) |
| 6:44 | Build | Lumber Camp |
| 6:45 | Create | Villager (Male) |
| 6:48 | Create | Villager (Male) |
| 7:08 | Create | Villager (Male) |
| 7:14 | Create | Villager (Male) |
| 7:48 | Create | Villager (Male) |
| 8:12 | Create | Villager (Male) |
| 8:24 | Build | House |
| 8:25 | Build | House |
| 8:35 | Build | House |
| 8:36 | Build | House |
| 10:07 | Research | Feudal Age |
| 10:25 | Build | Mining Camp |
| 10:43 | Build | Mining Camp |
| 11:41 | Build | Barracks |
| 12:17 | Age | Feudal Age |
| 12:21 | Research | Wheelbarrow |
| 12:22 | Create | Villager (Male) |
| 12:25 | Research | Double-Bit Axe |
| 12:44 | Research | Horse Collar |
| 13:41 | Create | Villager (Male) |
| 13:41 | Create | Villager (Male) |
| 13:42 | Research | Loom |
| 13:52 | Create | Villager (Male) |
| 13:53 | Create | Villager (Male) |
| 13:53 | Create | Villager (Male) |
| 14:04 | Build | Farm |
| 14:07 | Create | Villager (Male) |
| 14:34 | Build | Farm |
| 14:37 | Build | Farm |
| 14:58 | Build | Farm |
| 15:13 | Build | Archery Range |
| 15:17 | Create | Villager (Male) |
| 15:45 | Build | Farm |
| 16:04 | Build | Stable |
| 16:11 | Build | Farm |
| 16:12 | Create | Villager (Male) |
| 16:16 | Create | Villager (Male) |
| 16:40 | Build | Farm |
| 16:42 | Create | Villager (Male) |
| 17:28 | Build | Farm |
| 17:40 | Create | Villager (Male) |
| 17:43 | Create | Villager (Male) |
| 17:43 | Create | Villager (Male) |
| 17:53 | Build | Blacksmith |
| 18:06 | Build | Farm |
| 18:08 | Create | Villager (Male) |
| 18:16 | Build | Farm |
| 18:21 | Build | Farm |
| 18:43 | Build | Farm |
| 18:54 | Build | Farm |
| 18:57 | Create | Villager (Male) |
| 18:58 | Create | Villager (Male) |
| 19:02 | Research | Gold Mining |
| 19:12 | Build | Farm |
| 19:20 | Research | Stone Mining |
| 19:33 | Build | House |
| 19:36 | Build | House |
| 19:58 | Build | Farm |
| 20:44 | Create | Villager (Male) |
| 20:44 | Create | Villager (Male) |
| 21:08 | Build | Farm |
| 21:12 | Build | Farm |
| 21:15 | Create | Villager (Male) |
| 21:15 | Create | Villager (Male) |
| 22:09 | Create | Villager (Male) |
| 22:20 | Create | Villager (Male) |
| 22:20 | Create | Villager (Male) |
| 22:22 | Create | Villager (Male) |
| 22:38 | Build | Market |
| 22:49 | Research | Castle Age |
| 23:42 | Research | Forging |
| 23:50 | Research | Arson |
| 23:51 | Research | Man-at-Arms (upgrade) |
| 24:03 | Build | House |
| 24:05 | Build | House |
| 24:08 | Build | House |
| 24:15 | Create | Trade Cart |
| 24:15 | Create | Trade Cart |
| 24:16 | Create | Trade Cart |
| 24:22 | Create | Trade Cart |
| 24:23 | Create | Trade Cart |
| 24:32 | Build | House |
| 24:33 | Build | House |
| 24:35 | Build | House |
| 24:37 | Build | House |
| 24:38 | Build | House |
| 24:39 | Build | House |
| 25:01 | Research | Scale Mail Armor |
| 25:22 | Create | Militia |
| 25:22 | Create | Militia |
| 25:22 | Create | Militia |
| 25:23 | Create | Militia |
| 25:23 | Create | Militia |
| 25:41 | Age | Castle Age |
| 25:44 | Research | Hand Cart |
| 25:46 | Research | Bow Saw |
| 25:48 | Research | Heavy Plow |
| 26:05 | Create | Villager (Male) |
| 26:06 | Create | Villager (Male) |
| 26:23 | Build | Barracks |
| 26:36 | Build | Barracks |
| 26:40 | Create | Villager (Male) |
| 27:15 | Build | University |
| 27:18 | Create | Villager (Male) |
| 27:32 | Create | Villager (Male) |
| 27:48 | Build | Monastery |
| 28:32 | Create | Villager (Male) |
| 28:32 | Create | Villager (Male) |
| 28:47 | Build | Lumber Camp |
| 28:59 | Create | Villager (Male) |
| 28:59 | Create | Villager (Male) |
| 29:49 | Build | Castle |
| 29:52 | Create | Villager (Male) |
| 29:52 | Create | Villager (Male) |
| 30:29 | Build | Town Center |
| 30:39 | Create | Monk |
| 30:39 | Create | Monk |
| 30:39 | Create | Monk |
| 30:50 | Research | Gambesons |
| 30:54 | Research | Long Swordsman (upgrade) |
| 30:56 | Create | Militia |
| 30:57 | Create | Militia |
| 30:57 | Create | Militia |
| 30:57 | Create | Militia |
| 30:58 | Create | Militia |
| 30:58 | Create | Militia |
| 31:01 | Create | Militia |
| 31:01 | Create | Militia |
| 31:04 | Research | Iron Casting |
| 31:04 | Research | Chain Mail Armor |
| 31:11 | Research | Gold Shaft Mining |
| 31:13 | Create | Villager (Male) |
| 31:14 | Create | Villager (Male) |
Build order — ksffvbh
First 150 of 345 actions detected
| 0:16 | Research | Loom |
| 0:35 | Create | Villager (Male) |
| 0:36 | Create | Villager (Male) |
| 0:36 | Create | Villager (Male) |
| 0:36 | Create | Villager (Male) |
| 0:37 | Create | Villager (Male) |
| 0:57 | Build | House |
| 1:00 | Build | House |
| 1:45 | Create | Villager (Male) |
| 1:45 | Create | Villager (Male) |
| 2:14 | Build | House |
| 2:17 | Build | House |
| 2:41 | Create | Villager (Male) |
| 2:41 | Create | Villager (Male) |
| 3:02 | Create | Villager (Male) |
| 3:25 | Build | House |
| 3:26 | Build | House |
| 3:28 | Build | House |
| 3:29 | Build | House |
| 3:34 | Create | Villager (Male) |
| 3:52 | Create | Villager (Male) |
| 3:52 | Create | Villager (Male) |
| 4:19 | Create | Villager (Male) |
| 4:19 | Create | Villager (Male) |
| 5:04 | Create | Villager (Male) |
| 5:04 | Create | Villager (Male) |
| 5:48 | Create | Villager (Male) |
| 5:49 | Create | Villager (Male) |
| 5:49 | Create | Villager (Male) |
| 6:34 | Build | Mill |
| 6:56 | Create | Villager (Male) |
| 6:57 | Create | Villager (Male) |
| 7:37 | Create | Villager (Male) |
| 7:37 | Create | Villager (Male) |
| 7:49 | Create | Villager (Male) |
| 7:49 | Create | Villager (Male) |
| 7:50 | Create | Villager (Male) |
| 8:04 | Create | Villager (Male) |
| 8:04 | Create | Villager (Male) |
| 8:04 | Create | Villager (Male) |
| 8:08 | Build | Lumber Camp |
| 8:36 | Create | Villager (Male) |
| 8:47 | Create | Villager (Male) |
| 9:02 | Create | Villager (Male) |
| 9:02 | Create | Villager (Male) |
| 9:09 | Build | Lumber Camp |
| 9:24 | Create | Villager (Male) |
| 9:25 | Create | Villager (Male) |
| 9:33 | Create | Villager (Male) |
| 9:33 | Create | Villager (Male) |
| 9:44 | Create | Villager (Male) |
| 9:45 | Create | Villager (Male) |
| 10:14 | Create | Villager (Male) |
| 10:15 | Create | Villager (Male) |
| 10:42 | Create | Villager (Male) |
| 10:43 | Create | Villager (Male) |
| 11:27 | Build | Farm |
| 11:39 | Create | Villager (Male) |
| 11:40 | Create | Villager (Male) |
| 11:40 | Create | Villager (Male) |
| 11:41 | Create | Villager (Male) |
| 11:41 | Create | Villager (Male) |
| 11:50 | Build | Farm |
| 12:07 | Build | Farm |
| 12:09 | Build | Farm |
| 12:11 | Build | Farm |
| 12:14 | Build | Farm |
| 12:16 | Build | Farm |
| 12:25 | Build | Mining Camp |
| 12:31 | Create | Villager (Male) |
| 12:31 | Create | Villager (Male) |
| 12:31 | Create | Villager (Male) |
| 12:45 | Build | Mining Camp |
| 13:08 | Build | Barracks |
| 13:59 | Create | Villager (Male) |
| 14:00 | Create | Villager (Male) |
| 14:00 | Create | Villager (Male) |
| 14:33 | Build | Mill |
| 14:44 | Build | Mill |
| 14:57 | Build | House |
| 14:59 | Build | House |
| 15:23 | Build | Farm |
| 15:25 | Build | Farm |
| 15:28 | Build | Farm |
| 15:36 | Research | Feudal Age |
| 15:42 | Build | Farm |
| 15:48 | Build | Farm |
| 16:00 | Build | Farm |
| 16:18 | Build | House |
| 16:20 | Build | House |
| 17:20 | Build | House |
| 17:23 | Build | House |
| 18:07 | Age | Feudal Age |
| 18:11 | Research | Wheelbarrow |
| 18:15 | Build | Farm |
| 18:18 | Build | Farm |
| 18:21 | Build | Farm |
| 18:24 | Build | Farm |
| 18:31 | Build | Blacksmith |
| 18:35 | Build | Stable |
| 18:43 | Research | Horse Collar |
| 18:45 | Research | Double-Bit Axe |
| 18:51 | Build | Lumber Camp |
| 19:09 | Research | Stone Mining |
| 19:12 | Research | Gold Mining |
| 19:20 | Create | Villager (Male) |
| 19:52 | Research | Castle Age |
| 20:14 | Build | House |
| 20:16 | Build | House |
| 20:20 | Build | House |
| 21:35 | Build | House |
| 21:37 | Build | House |
| 21:38 | Build | House |
| 22:05 | Build | Lumber Camp |
| 22:32 | Age | Castle Age |
| 22:49 | Build | Town Center |
| 22:53 | Research | Hand Cart |
| 22:56 | Research | Heavy Plow |
| 22:58 | Research | Bow Saw |
| 23:06 | Build | Town Center |
| 23:16 | Create | Villager (Male) |
| 23:16 | Create | Villager (Male) |
| 23:17 | Create | Villager (Male) |
| 23:17 | Create | Villager (Male) |
| 23:17 | Create | Villager (Male) |
| 23:18 | Create | Villager (Male) |
| 23:18 | Create | Villager (Male) |
| 23:18 | Create | Villager (Male) |
| 24:03 | Build | Lumber Camp |
| 24:26 | Build | Mill |
| 24:53 | Research | Stone Shaft Mining |
| 25:07 | Build | Farm |
| 25:09 | Build | Farm |
| 25:11 | Build | Farm |
| 25:22 | Create | Villager (Male) |
| 25:22 | Create | Villager (Male) |
| 25:29 | Create | Villager (Male) |
| 25:30 | Create | Villager (Male) |
| 25:30 | Create | Villager (Male) |
| 25:30 | Create | Villager (Male) |
| 25:31 | Create | Villager (Male) |
| 26:02 | Build | Town Center |
| 26:07 | Build | Farm |
| 26:08 | Build | Farm |
| 26:25 | Build | Lumber Camp |
| 26:29 | Create | Villager (Male) |
| 26:29 | Create | Villager (Male) |
| 26:29 | Create | Villager (Male) |
| 26:30 | Create | Villager (Male) |
| 26:30 | Create | Villager (Male) |
Build order — _oLeeC TTV
124 actions detected in the replay
| 0:02 | Create | Villager (Male) |
| 0:02 | Create | Villager (Male) |
| 0:02 | Create | Villager (Male) |
| 0:03 | Create | Villager (Male) |
| 0:03 | Create | Villager (Male) |
| 0:06 | Build | House |
| 0:07 | Build | House |
| 1:37 | Create | Villager (Male) |
| 2:17 | Create | Villager (Male) |
| 2:17 | Create | Villager (Male) |
| 2:40 | Create | Villager (Male) |
| 3:15 | Create | Villager (Male) |
| 3:15 | Create | Villager (Male) |
| 4:10 | Create | Villager (Male) |
| 4:11 | Create | Villager (Male) |
| 4:17 | Build | House |
| 4:40 | Build | Lumber Camp |
| 5:24 | Create | Villager (Male) |
| 5:25 | Create | Villager (Male) |
| 5:25 | Create | Villager (Male) |
| 5:47 | Create | Villager (Male) |
| 6:56 | Build | Mill |
| 7:01 | Create | Villager (Male) |
| 7:06 | Create | Villager (Male) |
| 8:01 | Build | Outpost |
| 8:06 | Research | Loom |
| 8:17 | Build | House |
| 8:44 | Build | Palisade Wall |
| 9:09 | Research | Feudal Age |
| 9:43 | Build | House |
| 10:18 | Build | Palisade Wall |
| 10:35 | Build | Barracks |
| 11:19 | Age | Feudal Age |
| 11:27 | Create | Villager (Male) |
| 11:27 | Create | Villager (Male) |
| 11:28 | Create | Villager (Male) |
| 11:52 | Build | Palisade Wall |
| 12:16 | Create | Villager (Male) |
| 12:25 | Build | Stable |
| 12:32 | Create | Spearman |
| 12:32 | Create | Spearman |
| 12:45 | Create | Villager (Male) |
| 12:56 | Research | Double-Bit Axe |
| 13:01 | Create | Villager (Male) |
| 13:18 | Build | Farm |
| 13:18 | Build | Farm |
| 13:22 | Create | Scout Cavalry |
| 13:22 | Create | Scout Cavalry |
| 13:23 | Create | Scout Cavalry |
| 13:51 | Build | Blacksmith |
| 14:38 | Build | House |
| 14:41 | Research | Forging |
| 14:51 | Create | Scout Cavalry |
| 15:04 | Build | Mining Camp |
| 15:14 | Build | Farm |
| 15:17 | Build | Farm |
| 15:22 | Build | Farm |
| 15:31 | Build | House |
| 15:37 | Research | Scale Barding Armor |
| 16:07 | Build | Mill |
| 16:15 | Build | House |
| 17:58 | Build | Palisade Wall |
| 18:03 | Build | Market |
| 18:31 | Build | Town Center |
| 18:38 | Create | Spearman |
| 18:39 | Create | Spearman |
| 19:04 | Research | Bloodlines |
| 19:05 | Create | Scout Cavalry |
| 19:05 | Create | Scout Cavalry |
| 19:21 | Build | House |
| 19:41 | Create | Scout Cavalry |
| 19:42 | Create | Scout Cavalry |
| 20:05 | Build | House |
| 20:15 | Build | House |
| 22:04 | Create | Villager (Male) |
| 22:04 | Create | Villager (Male) |
| 22:04 | Create | Villager (Male) |
| 22:05 | Create | Villager (Male) |
| 22:05 | Create | Villager (Male) |
| 22:05 | Create | Villager (Male) |
| 22:49 | Create | Villager (Male) |
| 22:50 | Create | Villager (Male) |
| 22:50 | Create | Villager (Male) |
| 22:51 | Create | Villager (Male) |
| 23:50 | Create | Villager (Male) |
| 23:50 | Create | Villager (Male) |
| 23:51 | Create | Villager (Male) |
| 25:33 | Create | Villager (Male) |
| 25:34 | Create | Villager (Male) |
| 25:34 | Create | Villager (Male) |
| 25:34 | Create | Villager (Male) |
| 26:06 | Create | Villager (Male) |
| 26:10 | Build | Farm |
| 26:39 | Create | Villager (Male) |
| 27:17 | Build | Siege Workshop |
| 27:26 | Create | Villager (Male) |
| 27:59 | Create | Battering Ram |
| 28:00 | Create | Battering Ram |
| 28:07 | Create | Villager (Male) |
| 28:07 | Create | Villager (Male) |
| 29:15 | Build | Archery Range |
| 29:26 | Create | Battering Ram |
| 29:35 | Build | Farm |
| 29:52 | Build | Palisade Wall |
| 30:27 | Create | Battering Ram |
| 30:34 | Build | House |
| 30:37 | Create | Villager (Male) |
| 30:38 | Create | Villager (Male) |
| 30:39 | Create | Villager (Male) |
| 30:49 | Build | Farm |
| 30:51 | Build | Farm |
| 31:10 | Create | Archer |
| 31:10 | Create | Archer |
| 31:10 | Create | Archer |
| 31:11 | Create | Archer |
| 31:11 | Create | Archer |
| 31:11 | Create | Archer |
| 31:12 | Create | Archer |
| 31:12 | Create | Archer |
| 31:24 | Build | Palisade Wall |
| 33:00 | Build | Stable |
| 33:06 | Create | Battering Ram |
| 33:29 | Create | Archer |
| 33:53 | Build | House |
Build order — Maggy
150 actions detected in the replay
| 0:07 | Build | House |
| 0:09 | Build | House |
| 0:10 | Create | Villager (Male) ×4 |
| 1:39 | Create | Villager (Male) |
| 2:14 | Create | Villager (Male) |
| 2:14 | Create | Villager (Male) |
| 2:48 | Create | Villager (Male) |
| 3:41 | Create | Villager (Male) |
| 3:41 | Create | Villager (Male) |
| 3:43 | Create | Villager (Male) |
| 4:44 | Build | House |
| 4:54 | Build | House |
| 5:45 | Create | Villager (Male) |
| 5:45 | Create | Villager (Male) |
| 5:45 | Create | Villager (Male) |
| 5:45 | Create | Villager (Male) |
| 5:46 | Create | Villager (Male) |
| 5:46 | Create | Villager (Male) |
| 6:40 | Build | Lumber Camp |
| 7:57 | Build | Mill |
| 8:36 | Research | Feudal Age |
| 8:44 | Build | House |
| 8:45 | Build | House |
| 8:47 | Build | House |
| 9:33 | Create | Villager (Male) |
| 9:34 | Create | Villager (Male) |
| 9:34 | Create | Villager (Male) |
| 9:34 | Create | Villager (Male) |
| 9:34 | Create | Villager (Male) |
| 10:19 | Build | House |
| 10:46 | Age | Feudal Age |
| 10:50 | Research | Horse Collar |
| 10:55 | Research | Double-Bit Axe |
| 11:28 | Build | Stone Wall |
| 11:49 | Build | Stone Wall |
| 11:58 | Build | Mining Camp |
| 12:28 | Create | Villager (Male) |
| 12:28 | Create | Villager (Male) |
| 12:28 | Create | Villager (Male) |
| 12:28 | Create | Villager (Male) |
| 12:29 | Create | Villager (Male) |
| 13:11 | Research | Gold Mining |
| 13:23 | Build | Farm |
| 13:29 | Build | Farm |
| 13:30 | Build | Farm |
| 13:47 | Build | Farm |
| 13:48 | Build | Farm |
| 13:48 | Build | Farm |
| 13:48 | Build | Farm |
| 13:48 | Build | Farm |
| 13:49 | Build | Farm |
| 13:49 | Build | Farm |
| 13:49 | Build | Farm |
| 14:24 | Build | Farm |
| 14:24 | Build | Farm |
| 14:44 | Build | Stone Wall |
| 14:46 | Build | Stone Wall |
| 14:54 | Build | Farm |
| 15:17 | Create | Villager (Male) |
| 15:18 | Create | Villager (Male) |
| 15:18 | Create | Villager (Male) |
| 15:40 | Create | Villager (Male) |
| 15:41 | Create | Villager (Male) |
| 15:47 | Build | Farm |
| 16:17 | Build | Mining Camp |
| 17:36 | Build | Blacksmith |
| 17:58 | Create | Villager (Male) |
| 18:13 | Build | Stone Wall |
| 18:38 | Build | Stone Wall |
| 18:42 | Build | Stone Wall |
| 18:53 | Build | Market |
| 19:25 | Create | Villager (Male) |
| 19:25 | Create | Villager (Male) |
| 19:37 | Research | Fletching |
| 19:46 | Build | Stone Wall |
| 20:16 | Research | Castle Age |
| 20:30 | Build | Stone Wall |
| 20:41 | Build | Stone Wall |
| 20:49 | Build | House |
| 20:50 | Build | House |
| 20:51 | Build | House |
| 20:52 | Build | House |
| 20:53 | Build | House |
| 20:54 | Build | House |
| 20:57 | Build | House |
| 20:58 | Build | House |
| 22:55 | Age | Castle Age |
| 22:56 | Build | Lumber Camp |
| 23:02 | Build | Stone Wall |
| 23:15 | Build | Building 490 |
| 23:57 | Build | Town Center |
| 24:03 | Research | Heavy Plow |
| 24:07 | Research | Wheelbarrow |
| 24:08 | Create | Villager (Male) |
| 24:08 | Create | Villager (Male) |
| 24:09 | Create | Villager (Male) |
| 24:09 | Create | Villager (Male) |
| 24:09 | Create | Villager (Male) |
| 24:09 | Create | Villager (Male) |
| 24:10 | Create | Villager (Male) |
| 25:06 | Build | University |
| 25:10 | Build | Monastery |
| 25:32 | Research | Hand Cart |
| 25:34 | Create | Villager (Male) |
| 25:34 | Create | Villager (Male) |
| 25:34 | Create | Villager (Male) |
| 25:34 | Create | Villager (Male) |
| 25:35 | Create | Villager (Male) |
| 25:35 | Create | Villager (Male) |
| 25:35 | Create | Villager (Male) |
| 25:35 | Create | Villager (Male) |
| 26:22 | Create | Monk |
| 26:35 | Create | Villager (Male) |
| 26:35 | Create | Villager (Male) |
| 27:04 | Research | Bodkin Arrow |
| 27:05 | Research | Padded Archer Armor |
| 27:26 | Research | Ballistics |
| 28:13 | Build | Siege Workshop |
| 28:23 | Create | Villager (Male) |
| 28:23 | Create | Villager (Male) |
| 29:01 | Build | Castle |
| 29:36 | Research | Imperial Age |
| 30:00 | Create | Mangonel |
| 30:23 | Create | Mangonel |
| 32:57 | Age | Imperial Age |
| 34:11 | Research | Elite Longbowman (upgrade) |
| 34:11 | Research | Conscription |
| 34:12 | Create | Longbowman ×5 |
| 34:12 | Create | Longbowman ×4 |
| 34:53 | Build | Mining Camp |
| 34:56 | Research | Bracer |
| 34:57 | Research | Leather Archer Armor |
| 36:15 | Research | Yeomen |
| 37:05 | Research | Caravan |
| 37:15 | Research | Ring Archer Armor |
| 37:20 | Research | Chemistry |
| 38:09 | Create | Longbowman ×5 |
| 38:09 | Create | Longbowman ×4 |
| 38:33 | Create | Villager (Male) ×5 |
| 38:33 | Create | Villager (Male) ×5 |
| 39:24 | Build | Mining Camp |
| 39:29 | Create | Villager (Male) |
| 39:30 | Create | Villager (Male) |
| 39:30 | Create | Villager (Male) |
| 39:34 | Create | Longbowman ×5 |
| 39:34 | Create | Longbowman ×5 |
| 39:34 | Create | Longbowman ×2 |
| 39:44 | Build | Castle |
| 39:53 | Create | Longbowman |
| 39:53 | Create | Longbowman |
Build order — Balardroch
17 actions detected in the replay
| 0:16 | Build | House |
| 0:18 | Build | House |
| 0:20 | Build | House |
| 0:22 | Build | House |
| 0:27 | Build | House |
| 0:35 | Create | Villager (Male) |
| 0:36 | Create | Villager (Male) |
| 0:36 | Create | Villager (Male) |
| 0:36 | Create | Villager (Male) |
| 0:36 | Create | Villager (Male) |
| 0:40 | Research | Loom |
| 2:31 | Create | Villager (Male) |
| 3:11 | Create | Villager (Male) |
| 3:57 | Create | Villager (Male) |
| 3:58 | Create | Villager (Male) |
| 4:36 | Create | Villager (Male) |
| 4:36 | Create | Villager (Male) |
Build order — clementhebeste
First 150 of 203 actions detected
| 0:04 | Build | House |
| 0:05 | Create | Villager (Male) |
| 0:05 | Create | Villager (Male) |
| 0:05 | Create | Villager (Male) |
| 0:06 | Create | Villager (Male) |
| 0:06 | Create | Villager (Male) |
| 0:15 | Build | House |
| 1:35 | Create | Villager (Male) |
| 1:57 | Create | Villager (Male) |
| 2:13 | Build | Mill |
| 2:19 | Create | Villager (Male) |
| 3:21 | Create | Villager (Male) |
| 3:25 | Build | House |
| 3:42 | Create | Villager (Male) |
| 4:07 | Create | Villager (Male) |
| 4:35 | Create | Villager (Male) |
| 5:36 | Create | Villager (Male) |
| 5:38 | Create | Villager (Male) |
| 6:21 | Create | Villager (Male) |
| 6:25 | Build | House |
| 6:34 | Build | House |
| 6:41 | Build | Barracks |
| 6:50 | Create | Villager (Male) |
| 7:19 | Create | Villager (Male) |
| 7:20 | Create | Villager (Male) |
| 7:20 | Create | Villager (Male) |
| 7:49 | Create | Villager (Male) |
| 8:15 | Create | Villager (Male) |
| 8:35 | Create | Villager (Male) |
| 8:43 | Build | House |
| 8:48 | Build | Palisade Wall |
| 8:52 | Build | Palisade Wall |
| 8:55 | Build | Palisade Wall |
| 8:57 | Build | Palisade Wall |
| 9:00 | Create | Villager (Male) |
| 9:15 | Build | Lumber Camp |
| 9:26 | Build | Farm |
| 9:28 | Create | Villager (Male) |
| 9:37 | Create | Militia |
| 9:37 | Create | Militia |
| 9:38 | Create | Militia |
| 9:38 | Create | Militia |
| 9:38 | Create | Militia |
| 10:00 | Build | Palisade Wall |
| 10:19 | Build | Mining Camp |
| 10:34 | Build | Mining Camp |
| 10:48 | Create | Villager (Male) |
| 11:01 | Create | Villager (Male) |
| 11:19 | Build | Palisade Wall |
| 11:21 | Build | Palisade Wall |
| 11:22 | Build | Palisade Wall |
| 11:25 | Build | Palisade Wall |
| 11:29 | Build | Palisade Wall |
| 11:37 | Build | Palisade Wall |
| 11:43 | Build | Palisade Wall |
| 11:44 | Create | Villager (Male) |
| 11:55 | Build | Farm |
| 12:15 | Build | Mill |
| 12:18 | Create | Villager (Male) |
| 12:22 | Build | House |
| 12:43 | Create | Militia |
| 13:08 | Research | Feudal Age |
| 13:16 | Build | Palisade Wall |
| 13:18 | Build | Palisade Wall |
| 13:34 | Create | Militia |
| 14:31 | Create | Militia |
| 14:31 | Create | Militia |
| 14:32 | Create | Militia |
| 14:44 | Build | Farm |
| 14:45 | Build | Farm |
| 14:46 | Build | Farm |
| 14:50 | Build | Farm |
| 14:52 | Build | Farm |
| 15:00 | Create | Villager (Male) |
| 15:01 | Create | Villager (Male) |
| 15:08 | Build | House |
| 15:23 | Age | Feudal Age |
| 15:26 | Research | Man-at-Arms (upgrade) |
| 15:36 | Build | Archery Range |
| 15:45 | Build | Building 490 |
| 15:51 | Create | Villager (Male) |
| 15:51 | Create | Villager (Male) |
| 15:51 | Create | Villager (Male) |
| 16:09 | Create | Militia |
| 16:18 | Build | Blacksmith |
| 16:51 | Create | Villager (Male) |
| 16:58 | Build | House |
| 16:59 | Research | Double-Bit Axe |
| 17:04 | Research | Gold Mining |
| 17:12 | Build | Stone Wall |
| 17:49 | Create | Villager (Male) |
| 17:49 | Create | Villager (Male) |
| 17:51 | Research | Scale Mail Armor |
| 18:24 | Create | Villager (Male) |
| 18:27 | Build | House |
| 18:35 | Build | Mining Camp |
| 18:39 | Build | House |
| 18:40 | Build | House |
| 18:41 | Build | House |
| 18:42 | Build | House |
| 19:10 | Create | Militia |
| 19:10 | Create | Militia |
| 19:32 | Build | Stone Wall |
| 19:37 | Build | Mining Camp |
| 19:39 | Create | Villager (Male) |
| 19:40 | Create | Villager (Male) |
| 19:40 | Create | Villager (Male) |
| 20:04 | Create | Archer |
| 20:04 | Create | Archer |
| 20:05 | Create | Archer |
| 20:05 | Create | Archer |
| 20:05 | Create | Archer |
| 20:42 | Build | Building 490 |
| 20:47 | Build | Stone Wall |
| 20:49 | Build | Stone Wall |
| 20:55 | Build | Farm |
| 20:55 | Build | Farm |
| 20:55 | Build | Farm |
| 20:55 | Build | Farm |
| 20:55 | Build | Farm |
| 21:00 | Build | House |
| 21:40 | Create | Militia |
| 21:41 | Create | Militia |
| 21:57 | Build | Stone Wall |
| 22:04 | Build | Stone Wall |
| 22:05 | Build | Stone Wall |
| 22:09 | Build | Stone Wall |
| 22:12 | Create | Villager (Male) |
| 22:18 | Create | Villager (Male) |
| 22:39 | Build | Market |
| 22:46 | Research | Stone Mining |
| 22:58 | Create | Militia |
| 22:58 | Create | Militia |
| 24:12 | Research | Castle Age |
| 24:15 | Research | Loom |
| 24:29 | Create | Militia |
| 26:52 | Age | Castle Age |
| 27:16 | Research | Long Swordsman (upgrade) |
| 27:24 | Create | Militia |
| 27:24 | Create | Militia |
| 27:25 | Create | Militia |
| 27:25 | Create | Militia |
| 27:26 | Create | Militia |
| 27:53 | Create | Villager (Male) |
| 27:54 | Create | Villager (Male) |
| 27:54 | Create | Villager (Male) |
| 27:55 | Create | Villager (Male) |
| 27:56 | Create | Villager (Male) |
| 28:02 | Build | Town Center |
| 28:09 | Build | Town Center |
Build order — sburaks
84 actions detected in the replay
| 0:02 | Create | Villager (Male) ×4 |
| 0:05 | Build | House |
| 0:29 | Build | House |
| 2:18 | Create | Villager (Male) ×2 |
| 2:50 | Create | Villager (Male) |
| 3:24 | Create | Villager (Male) |
| 3:43 | Create | Villager (Male) |
| 4:31 | Create | Villager (Male) |
| 4:35 | Create | Villager (Male) |
| 5:06 | Create | Villager (Male) |
| 5:29 | Build | House |
| 5:33 | Build | Lumber Camp |
| 5:44 | Create | Villager (Male) ×4 |
| 6:48 | Create | Villager (Male) |
| 6:57 | Create | Villager (Male) ×2 |
| 7:09 | Build | Lumber Camp |
| 7:27 | Build | House |
| 10:26 | Build | Mill |
| 10:55 | Research | Feudal Age |
| 11:33 | Create | Villager (Male) ×5 |
| 11:39 | Build | Palisade Gate |
| 11:48 | Build | House |
| 11:50 | Build | House |
| 12:07 | Build | Palisade Wall |
| 12:13 | Build | Barracks |
| 12:29 | Build | Palisade Wall |
| 12:34 | Create | Villager (Male) ×2 |
| 13:03 | Build | Palisade Wall |
| 13:05 | Age | Feudal Age |
| 13:16 | Build | Watch Tower |
| 13:30 | Build | Market |
| 14:50 | Build | House |
| 15:15 | Build | Palisade Wall |
| 15:21 | Research | Wheelbarrow |
| 15:29 | Build | Mining Camp |
| 15:33 | Create | Villager (Male) ×4 |
| 15:46 | Build | House |
| 15:52 | Build | House |
| 15:53 | Build | House |
| 16:11 | Build | Stable |
| 16:21 | Build | Blacksmith |
| 16:45 | Create | Villager (Male) |
| 17:03 | Build | Watch Tower |
| 18:00 | Build | Watch Tower |
| 18:19 | Build | Watch Tower |
| 19:28 | Build | Watch Tower |
| 19:36 | Build | Farm |
| 20:00 | Build | Market |
| 20:21 | Create | Villager (Male) ×2 |
| 20:25 | Build | Farm |
| 20:26 | Build | Farm |
| 20:47 | Build | Farm |
| 20:50 | Build | Farm |
| 21:11 | Create | Villager (Male) |
| 21:18 | Build | Lumber Camp |
| 21:36 | Create | Spearman ×4 |
| 21:43 | Build | Farm |
| 22:16 | Build | House |
| 22:19 | Build | House |
| 22:29 | Research | Double-Bit Axe |
| 22:41 | Research | Double-Bit Axe |
| 22:57 | Build | House |
| 23:29 | Build | Palisade Wall |
| 23:35 | Build | Lumber Camp |
| 23:51 | Create | Spearman |
| 24:06 | Build | Farm |
| 24:08 | Build | Farm |
| 24:44 | Research | Forging |
| 24:51 | Build | Farm |
| 25:40 | Build | Watch Tower |
| 26:01 | Build | Farm |
| 26:19 | Build | Farm |
| 27:17 | Research | Castle Age |
| 28:00 | Build | Market |
| 28:08 | Build | House |
| 29:57 | Age | Castle Age |
| 30:10 | Build | Town Center |
| 30:22 | Build | Lumber Camp |
| 30:30 | Create | Villager (Male) ×5 |
| 30:43 | Create | Villager (Male) ×3 |
| 30:52 | Build | Farm |
| 31:09 | Build | Palisade Wall |
| 31:15 | Create | Villager (Male) |
| 31:28 | Build | Siege Workshop |
Match timeline
| 4:47 | Balardroch · resign |
| 6:41 | clementhebeste · first_building Barracks |
| 8:44 | _oLeeC TTV · wall_segment Palisade Wall x10 |
| 8:48 | clementhebeste · wall_segment Palisade Wall x3 |
| 8:52 | clementhebeste · wall_segment Palisade Wall x9 |
| 8:55 | clementhebeste · wall_segment Palisade Wall x7 |
| 8:57 | clementhebeste · wall_segment Palisade Wall x5 |
| 10:00 | clementhebeste · wall_segment Palisade Wall x1 |
| 10:18 | _oLeeC TTV · wall_segment Palisade Wall x13 |
| 10:35 | _oLeeC TTV · first_building Barracks |
| 10:46 | Maggy · age_up feudal |
| 11:07 | Shirasoni · first_building Barracks |
| 11:19 | clementhebeste · wall_segment Palisade Wall x1 |
| 11:19 | _oLeeC TTV · age_up feudal |
| 11:21 | clementhebeste · wall_segment Palisade Wall x2 |
| 11:22 | clementhebeste · wall_segment Palisade Wall x1 |
| 11:25 | clementhebeste · wall_segment Palisade Wall x7 |
| 11:28 | Maggy · wall_segment Stone Wall x1 |
| 11:29 | clementhebeste · wall_segment Palisade Wall x18 |
| 11:34 | Shirasoni · age_up feudal |
| 11:37 | clementhebeste · wall_segment Palisade Wall x1 |
| 11:41 | MRYFZHU · first_building Barracks |
| 11:43 | clementhebeste · wall_segment Palisade Wall x15 |
| 11:49 | Maggy · wall_segment Stone Wall x33 |
| 11:52 | _oLeeC TTV · wall_segment Palisade Wall x1 |
| 12:07 | sburaks · wall_segment Palisade Wall x1 |
| 12:13 | sburaks · first_building Barracks |
| 12:17 | MRYFZHU · age_up feudal |
| 12:25 | _oLeeC TTV · first_building Stable |
| 12:29 | sburaks · wall_segment Palisade Wall x4 |
| 13:03 | sburaks · wall_segment Palisade Wall x6 |
| 13:05 | sburaks · age_up feudal |
| 13:08 | ksffvbh · first_building Barracks |
| 13:16 | clementhebeste · wall_segment Palisade Wall x10 |
| 13:18 | clementhebeste · wall_segment Palisade Wall x11 |
| 13:40 | Shirasoni · first_building Stable |
| 14:27 | sburaks · first_market_sell 100 wood |
| 14:30 | sburaks · first_market_buy 100 stone |
| 14:44 | Maggy · wall_segment Stone Wall x10 |
| 14:46 | Maggy · wall_segment Stone Wall x9 |
| 15:13 | MRYFZHU · first_building Archery Range |
| 15:15 | sburaks · wall_segment Palisade Wall x8 |
| 15:23 | clementhebeste · age_up feudal |
| 15:36 | clementhebeste · first_building Archery Range |
| 16:04 | MRYFZHU · first_building Stable |
| 16:11 | sburaks · first_building Stable |
| 17:12 | clementhebeste · wall_segment Stone Wall x4 |
| 17:58 | _oLeeC TTV · wall_segment Palisade Wall x1 |
| 18:07 | ksffvbh · age_up feudal |
| 18:13 | Maggy · wall_segment Stone Wall x10 |
| 18:35 | ksffvbh · first_building Stable |
| 18:38 | Maggy · wall_segment Stone Wall x5 |
| 18:42 | Maggy · wall_segment Stone Wall x17 |
| 19:32 | clementhebeste · wall_segment Stone Wall x5 |
| 19:46 | Maggy · wall_segment Stone Wall x10 |
| 20:30 | Maggy · wall_segment Stone Wall x5 |
| 20:41 | Maggy · wall_segment Stone Wall x10 |
| 20:47 | clementhebeste · wall_segment Stone Wall x4 |
| 20:49 | clementhebeste · wall_segment Stone Wall x4 |
| 21:57 | clementhebeste · wall_segment Stone Wall x2 |
| 22:04 | clementhebeste · wall_segment Stone Wall x2 |
| 22:05 | clementhebeste · wall_segment Stone Wall x1 |
| 22:09 | clementhebeste · wall_segment Stone Wall x8 |
| 22:32 | ksffvbh · age_up castle |
| 22:55 | Maggy · age_up castle |
| 23:02 | Maggy · wall_segment Stone Wall x7 |
| 23:19 | Shirasoni · first_market_buy 100 stone |
| 23:29 | sburaks · wall_segment Palisade Wall x1 |
| 24:09 | clementhebeste · first_market_buy 100 food |
| 24:12 | Shirasoni · first_building Archery Range |
| 25:10 | Maggy · first_building Monastery |
| 25:41 | MRYFZHU · age_up castle |
| 25:52 | Shirasoni · age_up castle |
| 26:43 | ksffvbh · first_building Castle |
| 26:52 | clementhebeste · age_up castle |
| 27:17 | _oLeeC TTV · first_building Siege Workshop |
| 27:48 | MRYFZHU · first_building Monastery |
| 28:13 | Maggy · first_building Siege Workshop |
| 28:26 | _oLeeC TTV · first_market_buy 100 food |
| 28:28 | _oLeeC TTV · first_market_sell 100 wood |
| 28:56 | Shirasoni · first_market_sell 100 food |
| 29:01 | Maggy · first_building Castle |
| 29:15 | _oLeeC TTV · first_building Archery Range |
| 29:49 | MRYFZHU · first_building Castle |
| 29:52 | _oLeeC TTV · wall_segment Palisade Wall x4 |
| 29:57 | sburaks · age_up castle |
| 30:33 | clementhebeste · first_building Castle |
| 31:09 | sburaks · wall_segment Palisade Wall x1 |
| 31:11 | clementhebeste · first_building Monastery |
| 31:24 | _oLeeC TTV · wall_segment Palisade Wall x7 |
| 31:28 | sburaks · first_building Siege Workshop |
| 32:57 | Maggy · age_up imperial |
| 33:17 | Shirasoni · first_building Castle |
| 33:31 | clementhebeste · first_market_sell 100 food |
| 34:34 | ksffvbh · age_up imperial |
| 35:58 | clementhebeste · first_building Siege Workshop |
| 38:35 | clementhebeste · wall_segment Stone Wall x6 |
| 38:39 | clementhebeste · wall_segment Stone Wall x10 |
[ AI ANALYSIS · 1 CREDIT ]
What really happened in this match?
Wolo.gg analyzes every decision: build order, eco, micro, common mistakes by bracket. Personalized analysis on WhatsApp or Discord in 30 seconds.
Civ guide
Mongols
Map guide
Arabia
Perfil
Shirasoni